AoeStats
← DaTuRa

Arena

509925274Analyzed
4v4 RM · 5d ago on Sep 28, 2026· 55m 16s· 8 players
Game mode
Random Map
Map size
Large (8 player)
Population
200
Speed
Normal
Resources
Standard
Victory
Conquest
Starting age
Dark Age
Ending age
Imperial Age
RankedLock teamsTeams togetherTeam positionsShared explorationLock speedFull tech treeHidden civsTurbo modeCheats
Victory
Defeat
🇹🇷 Huns · Türkiye
1513
+13
🇹🇷 Bulgarians · Türkiye
1480
+15
🇹🇷 Khmer · Türkiye
1402
+18
🇹🇷 Persians · Türkiye
1356
+20
🇩🇪 Hindustanis · Germany
1506
-19
🇭🇰 Maya · Hong Kong SAR China
1482
-18
1414
-15
🇫🇷 Malians · France
1386
-14
BLACK EAGLE
7:05 Loom
9:23 Feudal Age
9:48 Double-Bit Axe
9:46 Horse Collar
16:10 Castle Age
17:16 Bow Saw
17:12 Heavy Plow
22:51 Gold Mining
25:00 Gold Shaft Mining
24:33 Scale Barding Armor
25:37 Bloodlines
25:28 Husbandry
31:35 Wheelbarrow
30:46 Town Watch
31:24 Chain Barding Armor
31:16 Forging
33:31 Iron Casting
33:01 Tusk Swords
36:35 Imperial Age
36:22 Hand Cart
36:08 Town Patrol
36:44 Elite Battle Elephant
38:39 Blast Furnace
39:29 Plate Barding Armor
38:21 Light Cavalry
40:04 Heavy Scorpion
43:52 Double Crossbow
44:56 Chemistry
44:23 Ballistics
46:14 Siege Engineers
47:21 Conscription
47:47 Hussar
54:34 Caravan
livulove
10:04 Feudal Age
13:37 Castle Age
11:28 Double-Bit Axe
11:53 Horse Collar
14:36 Bow Saw
17:55 Loom
22:51 Wheelbarrow
27:34 Imperial Age
25:05 Fletching
25:44 Ballistics
25:25 Padded Archer Armor
25:56 Husbandry
26:06 Bloodlines
26:18 Bodkin Arrow
27:05 Town Watch
27:51 Leather Archer Armor
28:45 Parthian Tactics
28:30 Bracer
27:53 Capped Ram
28:44 Siege Ram
31:18 Gold Mining
31:48 Thumb Ring
33:00 Hand Cart
34:05 Chemistry
32:46 Heavy Cavalry Archer
37:00 Coinage
36:41 Guilds
36:31 Caravan
37:48 Town Patrol
38:34 Banking
39:50 Scale Barding Armor
39:56 Forging
40:08 Conscription
39:08 Elite Tarkan
41:11 Chain Barding Armor
41:27 Iron Casting
43:58 Plate Barding Armor
44:24 Blast Furnace
44:47 Masonry
51:22 Light Cavalry
DaTuRa
10:22 Feudal Age
14:24 Castle Age
13:03 Double-Bit Axe
13:00 Horse Collar
16:40 Loom
26:29 Forging
27:24 Iron Casting
27:15 Scale Barding Armor
32:00 Gold Mining
32:27 Bow Saw
32:17 Heavy Plow
36:58 Imperial Age
35:15 Chain Barding Armor
35:25 Husbandry
38:15 Plate Barding Armor
38:41 Blast Furnace
38:29 Elite Konnik
39:14 Scale Mail Armor
39:40 Elite Konnik
40:41 Conscription
42:14 Chain Mail Armor
42:14 Bagains
42:11 Stirrups
44:30 Bloodlines
43:40 Light Cavalry
45:31 Hussar
46:22 Pikeman
47:02 Squires
46:48 Gambesons
46:49 Arson
48:08 Halberdier
50:25 Wheelbarrow
Ramci
10:44 Feudal Age
14:29 Castle Age
12:41 Double-Bit Axe
13:07 Horse Collar
15:08 Bow Saw
17:28 Loom
21:58 Wheelbarrow
27:23 Forging
27:06 Gold Mining
27:07 Stone Mining
27:46 Scale Barding Armor
28:51 Iron Casting
29:35 Hand Cart
30:16 Pikeman
33:43 Imperial Age
31:49 Chain Barding Armor
31:37 Kamandaran
31:59 Scale Mail Armor
32:05 Squires
31:57 Fletching
32:32 Padded Archer Armor
32:00 Crossbowman
34:12 Gold Shaft Mining
33:36 Bodkin Arrow
34:04 Thumb Ring
33:24 Elite War Elephant
36:09 Chemistry
35:31 Bloodlines
35:22 Husbandry
35:00 Halberdier
37:42 Leather Archer Armor
38:28 Blast Furnace
38:31 Two-Man Saw
37:18 Arson
39:42 Chemistry
39:10 Ballistics
38:36 Elite Skirmisher
39:01 Light Cavalry
40:13 Ring Archer Armor
42:40 Hussar
45:33 Plate Barding Armor
47:31 Caravan
49:22 Capped Ram
50:18 Chain Mail Armor
50:00 Murder Holes
51:22 Siege Ram
52:24 Onager
52:28 Siege Ram
55:43 Plate Mail Armor
Reibekuchen mit Schmand
1:37 Loom
10:11 Feudal Age
12:13 Double-Bit Axe
14:35 Castle Age
12:37 Horse Collar
15:47 Bow Saw
19:33 Scale Mail Armor
19:45 Squires
21:10 Chain Mail Armor
22:08 Loom
23:03 Wheelbarrow
24:57 Town Watch
25:38 Gold Mining
26:29 Hand Cart
31:37 Imperial Age
30:21 Pikeman
31:14 Forging
32:14 Ballistics
32:10 Halberdier
32:52 Heavy Scorpion
34:46 Chemistry
36:49 Siege Engineers
37:40 Plate Mail Armor
37:49 Iron Casting
38:39 Two-Man Saw
39:31 Conscription
39:38 Arson
39:20 Elite Varangian Guard
39:47 Gambesons
41:12 Blast Furnace
40:38 Caravan
40:27 Gothikon
49:03 Fletching
50:02 Guilds
50:22 Coinage
guilleol1005
11:06 Feudal Age
12:25 Double-Bit Axe
12:23 Horse Collar
14:58 Castle Age
15:03 Scale Mail Armor
15:19 Gold Mining
16:39 Bow Saw
18:55 Loom
19:22 Town Watch
22:37 Squires
29:49 Wheelbarrow
29:23 Heavy Plow
31:16 Scale Barding Armor
36:30 Imperial Age
34:58 Chain Barding Armor
35:32 Bloodlines
35:23 Husbandry
36:31 Forging
36:10 Light Cavalry
36:33 Heavy Camel Rider
37:59 Plate Barding Armor
38:38 Iron Casting
38:25 Farimba
41:08 Conscription
41:59 Chemistry
41:04 Capped Ram
42:13 Hand Cart
41:56 Man-at-Arms
44:01 Chain Mail Armor
46:04 Guilds
46:58 Masonry
52:19 Onager
54:02 Fletching
Laljia
10:39 Feudal Age
14:33 Castle Age
12:43 Double-Bit Axe
12:45 Horse Collar
21:29 Bow Saw
22:13 Gold Mining
22:28 Stone Mining
23:40 Wheelbarrow
22:51 Loom
22:51 Town Watch
24:04 Gold Shaft Mining
25:26 Scale Barding Armor
27:56 Imperial Age
26:07 Hand Cart
26:38 Forging
26:49 Chain Barding Armor
28:22 Bloodlines
28:01 Heavy Camel Rider
28:43 Husbandry
29:25 Plate Barding Armor
29:25 Iron Casting
29:29 Stone Shaft Mining
31:09 Chemistry
29:53 Imperial Camel Rider
31:16 Padded Archer Armor
30:45 Light Cavalry
32:52 Blast Furnace
32:08 Masonry
32:04 Siege Engineers
31:47 Hussar
32:45 Leather Archer Armor
33:07 Grand Trunk Road
34:31 Conscription
35:46 Ring Archer Armor
35:49 Masonry
35:35 Murder Holes
35:51 Fortified Wall
36:01 Ballistics
35:33 Fletching
35:51 Shatagni
36:53 Bodkin Arrow
37:18 Town Patrol
40:01 Hoardings
44:54 Thumb Ring
51:03 Two-Man Saw
50:05 Heavy Plow
大庆Song
0:31 Loom
10:30 Feudal Age
14:53 Castle Age
13:25 Double-Bit Axe
13:35 Stone Mining
14:05 Horse Collar
14:33 Double-Bit Axe
19:05 Town Watch
19:40 Fletching
22:32 Gold Mining
22:56 Bow Saw
25:43 Wheelbarrow
25:08 Bodkin Arrow
26:04 Padded Archer Armor
31:05 Heavy Plow
33:22 Fortified Wall
38:23 Imperial Age
38:07 Pikeman
38:14 Man-at-Arms
38:54 Squires
38:58 Arson
39:16 Scale Mail Armor
39:27 Forging
40:26 Eagle Warrior
41:47 Chain Mail Armor
42:08 Iron Casting
41:51 Chain Mail Armor
51:27 Hand Cart
53:04 Blast Furnace
53:37 Plate Mail Armor
52:29 Eagle Warrior
54:23 Conscription
54:06 Bracer
53:38 Onager
55:40 Plate Mail Armor
Connection lost

Rejoining the realm…

Still unreachable

The connection could not be restored.

Session expired

The server has moved on; the page needs a fresh start.